 Dungeon Crawl Stone Soup version 0.18.1-48-g4cf74bf (webtiles) character file.

219 vishdafish the Ruffian (level 5, -2/53 HPs)
             Began as a Troll Berserker on July 28, 2016.
             Was a Believer of Trog.
             Slain by PeterLawrence's ghost (9 damage)
             ... on level 4 of the Dungeon.
             The game lasted 00:05:57 (1186 turns).

vishdafish the Ruffian (Troll Berserker)            Turns: 1186, Time: 00:05:57

Health: -2/53      AC:  5    Str: 26    XL:     5   Next: 64%
Magic:  4/4        EV: 10    Int:  3    God:    Trog [**....]
Gold:   58         SH:  0    Dex:  9    Spells: 0 memorised, 4 levels left

rFire  . . .     SeeInvis .       - Unarmed
rCold  . . .     Gourm    +     a - +0 animal skin
rNeg   . . .     Faith    .     (no shield)
rPois  .         Spirit   .     (helmet restricted)
rElec  .         Dismiss  .     (no cloak)
rCorr  .         Reflect  .     (gloves unavailable)
SustAt .         Harm     .     (boots unavailable)
MR     .....                    (no amulet)
Stlth  +.........               (no ring)
                                (no ring)

@: not resistant to hostile enchantments, very unstealthy
A: unfitting armour, claws 3, fast metabolism 3, gourmand, regeneration 2,
shaggy fur 1, tough skin 2
a: Berserk, Trog's Hand, Burn Spellbooks, Renounce Religion


You were on level 4 of the Dungeon.
You worshipped Trog.
Trog was pleased with you.
You were hungry.

You visited 1 branch of the dungeon, and saw 4 of its levels.

You collected 58 gold pieces.

Inventory:

Hand Weapons
 m - a +0 dagger of venom
Missiles
 j - 27 poisoned needles
Armour
 a - a +0 animal skin (worn)
 h - a +0 pair of gloves
Wands
 l - a wand of slowing (28/48)
Scrolls
 c - a scroll of remove curse
 e - a scroll of teleportation {unknown}
Potions
 f - 2 potions of brilliance {unknown}
 g - a potion of heal wounds {unknown}
Comestibles
 b - 4 bread rations
 k - a meat ration


   Skills:
 + Level 3.5 Fighting
 + Level 0.5 Throwing
 + Level 3.3 Dodging
 + Level 0.3 Stealth
 + Level 4.5 Unarmed Combat


You had 4 spell levels left.
You didn't know any spells.

Dungeon Overview and Level Annotations

Branches:
Dungeon (4/15)
 Temple: D:4-7

Altars:

Annotations:
D:4 PeterLawrence's ghost, novice GrFi


Innate Abilities, Weirdness & Mutations

You are too large for most types of armour.
You have claws for hands.
Your metabolism is lightning-fast.
You like to eat raw meat.
You heal very quickly.
You are covered in fur (AC +1).
You have very tough skin (AC +2).


Message History

PeterLawrence's ghost hits you.
* * * LOW HITPOINT WARNING * * *
Drink which item? (? for menu, Esc to quit)
You feel better. PeterLawrence's ghost hits you.
You scratch PeterLawrence's ghost.
PeterLawrence's ghost is heavily damaged.
PeterLawrence's ghost hits you!
* * * LOW HITPOINT WARNING * * *
Drink which item? (? for menu, Esc to quit)
Okay, then.
You scratch PeterLawrence's ghost but do no damage.
PeterLawrence's ghost is heavily damaged.
PeterLawrence's ghost hits you.
* * * LOW HITPOINT WARNING * * *
You scratch PeterLawrence's ghost but do no damage.
PeterLawrence's ghost is heavily damaged.
You scratch PeterLawrence's ghost but do no damage.
PeterLawrence's ghost is heavily damaged.
PeterLawrence's ghost hits you!
You die...

##..............................
#............(..................
................................
........................
...(....................
.......>................
.....(..................
........................
......W@................
........)..........
...................
...................
.................<.
...................
...................
...................
.............$.....


You could see PeterLawrence's ghost.

Vanquished Creatures
  An ogre (D:4)
  A jelly (D:4)
  2 orc wizards (D:3)
  An adder (D:2)
  A worm (D:2)
  3 orcs (D:3)
  A bat (D:2)
  A giant cockroach (D:3)
  8 hobgoblins
  6 jackals
  3 kobolds (D:3)
  4 goblins
  2 rats (D:3)
34 creatures vanquished.

Notes
Turn   | Place    | Note
--------------------------------------------------------------
     0 | D:1      | vishdafish the Troll Berserker began the quest for the Orb.
     0 | D:1      | Reached XP level 1. HP: 22/22 MP: 0/0
   413 | D:2      | Reached XP level 2. HP: 29/29 MP: 1/1
   744 | D:3      | Reached XP level 3. HP: 28/37 MP: 2/2
   875 | D:3      | Reached ** piety under Trog
   928 | D:3      | Reached XP level 4. HP: 40/45 MP: 3/3
   974 | D:3      | Reached skill level 4 in Unarmed Combat
  1156 | D:4      | Noticed an ogre
  1167 | D:4      | Killed an ogre
  1167 | D:4      | Reached XP level 5. HP: 35/53 MP: 4/4
  1168 | D:4      | Noticed PeterLawrence's ghost (novice GrFi)
  1186 | D:4      | Slain by PeterLawrence's ghost

Skill      XL: |  1  2  3  4 |
---------------+-------------+-----
Fighting       | 3 |  3.5
Unarmed Combat | 4 |  4.5
Dodging        | 3 |  3.3
Throwing       | |  0.5
Stealth        | |  0.3

Action                   |  1- 3 |  4- 6 || total
-------------------------+-------+-------++-------
Melee: Unarmed           |    57 |    39 ||    96
       Punch             |     2 |       ||     2
Throw: Tomahawk          |       |     7 ||     7
  Use: Scroll            |     1 |       ||     1
       Potion            |       |     3 ||     3
  Eat: Bread ration      |     1 |       ||     1
       Chunk             |     1 |     2 ||     3
Armor: Animal skin       |    25 |    12 ||    37
Dodge: Dodged            |    30 |    17 ||    47
